 Dungeon Crawl Stone Soup version 0.30-a0-137-gd8773701ce (webtiles) character file.

Game seed: 5217256817821974683

23 ytrimaz the Insei (level 2, -2/18 HPs)
             Began as an Octopode Transmuter on Sept 21, 2022.
             Frozen to death by an endoplasm (5 damage)
             ... on level 1 of the Dungeon.
             The game lasted 00:00:52 (857 turns).

ytrimaz the Insei (Octopode Transmuter)              Turns: 857, Time: 00:00:53

Health: -2/18      AC:  1    Str:  9    XL:     2   Next: 95%
Magic:  5/5        EV: 13    Int: 15    God:
Gold:   75         SH:  0    Dex: 12    Spells: 2/5 levels left

rFire   . . .      SeeInvis .      - Unarmed
rCold   . . .      Faith    .    (no shield)
rNeg    . . .      Spirit   .    (helmet restricted)
rPois   .          Reflect  .    (no amulet)
rElec   .          Harm     .    b - ring of flight
rCorr   .          Rampage  .    (no ring)
Will    .....                    (no ring)
Stlth   ++........               (no ring)
HPRegen 0.06/turn                (no ring)
MPRegen 0.09/turn                (no ring)
                                 (no ring)
                                 (no ring)

@: flying
A: almost no armour, amphibious, 8 rings, camouflage 1, gelatinous body 1,
(nimble swimmer 1), tentacles
a: no special abilities


You were on level 1 of the Dungeon.
You visited 1 branch of the dungeon, and saw 1 of its levels.

You collected 75 gold pieces.


Innate Abilities, Weirdness & Mutations

You cannot wear most types of armour.
You are amphibious.
You can wear up to eight rings at the same time.
Your skin changes colour to match your surroundings (Stealth+).
Your rubbery body absorbs attacks. (AC +1, EV +1)
((You are camouflaged when in or above water. (Stealth+)))
You have tentacles for arms and can constrict up to eight enemies at once.


   Skills:
 - Level 1.0 Fighting
 - Level 2.0 Dodging
 - Level 3.0 Unarmed Combat
 + Level 2.4 Spellcasting
 + Level 2.4 Transmutations
 + Level 1.5 Poison Magic


You had 2 spell levels left.
You knew the following spells:

 Your Spells              Type           Power      Damage    Failure   Level
a - Beastly Appendage     Tmut           18%        N/A       8%          1
b - Wereblood             Tmut           9%         N/A       12%         2

Your spell library contained the following spells:

 Spells                   Type           Power      Damage    Failure   Level
 Blink                    Tloc           2%         N/A       32%         2
 Spider Form              Tmut/Pois      7%         N/A       28%         3
 Lesser Beckoning         Tloc           1%         N/A       54%         3
 Ice Form                 Ice/Tmut       5%         N/A       77%         4
 Manifold Assault         Tloc           1%         N/A       91%         4

Inventory:

Jewellery
 b - a ring of flight (left tentacle)
   (You found it on level 1 of the Dungeon)
Potions
 a - a potion of lignification
 c - a potion of heal wounds

Dungeon Overview and Level Annotations

Branches:
Dungeon (1/15) Zot: 5145

Altars:

#### ###...# .......##
#....$..## .........###
...........#
.......J@#.#############
#!.....J##.............#
#..!...###..##########.#
#.#...# #...........#.##
##.# ##.########..... #.
#.#######...... .
#..........#.## #
#.#####....#.#
#.#####.##.#.##


You could see 2 endoplasms.


Message History

You feel very mighty all of a sudden.
Unknown command.
A rat comes into view.
Unknown command.
A rat is nearby!
A rat is nearby!
Unknown command.
A rat is nearby!
The rat barely misses you.
You tentacle-slap the rat.
You kill the rat!
Unknown command.
No target in view!
You see here a rat corpse.
Unknown command.
No target in view!
No target in view!
Unknown command.
A rat comes into view.
Unknown command.
A rat is nearby!
The helpless rat fails to defend itself.
You bludgeon the rat!
You kill the rat!
You see here a rat corpse.
An endoplasm comes into view.
An endoplasm is nearby!
Unknown command.
An endoplasm is nearby!
The helpless endoplasm fails to defend itself.
You tentacle-slap the endoplasm. Your squeeze misses the endoplasm.
The endoplasm hits you. 😕 HP[-3]
You take 3 damage, and now have 15/18 hp.
An endoplasm is nearby!
Unknown command.
You barely miss the endoplasm. The endoplasm hits you. 😕 HP[-1]
You take 1 damage, and now have 14/18 hp.
Unknown command.
You bludgeon the endoplasm!
You kill the endoplasm!
No target in view!
You feel your willpower return.
Key pressed, stopping explore.
Unknown command. 😕 HP[+2]
You regained 2 hp, and now have 16/18 hp.
You feel a little less mighty now.
Key pressed, stopping explore.
Unknown command. 😎 HP[+2]
Your hp is fully restored (18).
Key pressed, stopping explore.
No target in view!
You see here a hobgoblin corpse.
You see here a hobgoblin corpse.
Key pressed, stopping explore.
No target in view!
Key pressed, stopping explore.
Key pressed, stopping explore.
No target in view!
Key pressed, stopping explore.
No target in view!
Key pressed, stopping explore.
No target in view!
Key pressed, stopping explore.
No target in view! 2 endoplasms come into view.
There are monsters nearby!
The endoplasm quivers.
There are monsters nearby!
There are monsters nearby!
There are monsters nearby!
You tentacle-slap the endoplasm.
The endoplasm quivers.
The endoplasm hits you. 😕 HP[-2]
You take 2 damage, and now have 16/18 hp.
There are monsters nearby!
You tentacle-slap the endoplasm. x2
The endoplasm freezes you.
You are frozen.
The endoplasm freezes you.
You are frozen.
* * * LOW HITPOINT WARNING * * *
😨 HP[-8]
You take 8 damage, and now have 8/18 hp.
MASSIVE DAMAGE!! (PAUSE)
You are too injured to fight recklessly!
You are too injured to fight recklessly!
Unknown command.
The endoplasm attacks as you move away! The endoplasm barely misses you.
You tentacle-slap the endoplasm but do no damage.
The endoplasm freezes you.
You are frozen.
* * * LOW HITPOINT WARNING * * *
The endoplasm freezes you.
You are frozen.
You die...

Skill      XL: |  1 |
---------------+----+-----
Poison Magic   | 1 |  1.5
Fighting       | |  1.0
Dodging        | |  2.0
Unarmed Combat | |  3.0
Spellcasting   | |  2.4
Transmutations | |  2.4

Action                   || total
-------------------------++-------
Melee: Unarmed           ||    53
       Tentacles         ||     8
       Constrict         ||     7
       Punch             ||     2
 Cast: Beastly Appendage ||     2
  Use: Scroll            ||     2
       Potion            ||     2
 Stab: Sleeping          ||     3
Armor: Skin              ||     2
Dodge: Dodged            ||    33

Levels and vault maps discovered:
D:1:      dpeg_arrival_tiny_c, layout_loops_ring

Notes
Turn   | Place    | Note
-------+----------+-------------------------------------------
     0 | D:1      | ytrimaz the Octopode Transmuter began the quest for the
                  | Orb.
     0 | D:1      | Reached XP level 1. HP: 13/13 MP: 3/3
     0 | D:1      | magus.rc [v1.9.6]
    28 | D:1      | You pick up a book of Spatial Translocations and begin
                  | reading...
    28 | D:1      | You add the spells Blink, Lesser Beckoning and Manifold
                  | Assault to your library.
   131 | D:1      | Reached skill level 1 in Poison Magic
   131 | D:1      | Reached XP level 2. HP: 12/18 MP: 5/5
   243 | D:1      | Learned a level 2 spell: Wereblood
   857 | D:1      | HP: 3/18 [frozen (5)]
   857 | D:1      | Frozen to death by an endoplasm

Vanquished Creatures
  2 dart slugs (D:1)
  A bat (D:1)
  3 endoplasms (D:1)
  4 hobgoblins (D:1)
  2 jackals (D:1)
  A frilled lizard (D:1)
  A kobold (D:1)
  3 rats (D:1)
17 creatures vanquished.

Table legend:
 A = Non-vault XP
 B = Vault XP
 C = Vault XP percentage of total XP
 D = Non-vault monster count
 E = Vault monster count
 F = Vault count percentage of total count
                 A         B        C        D         E       F
            +---------+---------+-------+---------+---------+-------
      Total |      33 |       0 |   0.0 |      17 |       0 |   0.0
            +---------+---------+-------+---------+---------+-------
        D:1 |      33 |       0 |   0.0 |      17 |       0 |   0.0
            +---------+---------+-------+---------+---------+-------

Illustrated notes

Table legend:
 A = Kills in this place as a percentage of kills in entire the game.
 B = Kills by you in this place as a percentage of kills by you in the entire game.
 C = Kills by friends in this place as a percentage of kills by friends in the entire game.
 D = Other kills in this place as a percentage of other kills in the entire game.
 E = Experience gained in this place as a percentage of experience gained in the entire game.
 F = Experience gained in this place divided by the number of levels of this place that you have seen.
                   A       B       C       D       E      F
               +-------+-------+-------+-------+-------+----------------------
         Total | 100.0 | 100.0 |   N/A |   N/A | 100.0 |  33.0
       Dungeon | 100.0 | 100.0 |   N/A |   N/A | 100.0 |  33.0
               +-------+-------+-------+-------+-------+----------------------

Table legend: (Time is in decaauts)
 A = Elapsed time spent in this place.
 B = Non-inter-level travel time spent in this place.
 C = Inter-level travel time spent in this place.
 D = Time resting spent in this place.
 E = Time spent auto-exploring this place.
 F = Levels seen in this place.
 G = Mean time per level.
                   A        B        C        D        E       F      G
               +--------+--------+--------+--------+--------+-----+--------+
         Total |    853 |    853 |      0 |      0 |    703 |   1 |  853.0 |
       Dungeon |    853 |    853 |      0 |      0 |    703 |   1 |  853.0 |
               +--------+--------+--------+--------+--------+-----+--------+

Top non-repeatable levels by time:
     D:1: 853 daAuts
